 Dungeon Crawl Stone Soup version 0.29-a0-323-g050149af67 (webtiles) character file.

Game seed: 1670621500114679603

27 spaghetti the Magician (level 2, -1/20 HPs)
             Began as a Demigod Fire Elementalist on Apr 11, 2022.
             Slain by a goblin
             ... wielding a +0 club
              (4 damage)
             ... on level 2 of the Dungeon.
             The game lasted 00:01:17 (1021 turns).

spaghetti the Magician (Demigod Fire Elementalist)  Turns: 1021, Time: 00:01:17

Health: -1/20      AC:  2    Str: 15    XL:     2   Next: 72%
Magic:  4/8        EV: 12    Int: 17    God:
Gold:   31         SH:  0    Dex: 14    Spells: 6/7 levels left

rFire   . . .      SeeInvis .   c - +0 club {mace}
rCold   . . .      Faith    .   (no shield)
rNeg    . . .      Spirit   .   a - +0 robe
rPois   .          Reflect  .   (no helmet)
rElec   .          Harm     .   (no cloak)
rCorr   .          Rampage  .   (no gloves)
Will    .....                   (no boots)
Stlth   ++........              (no amulet)
HPRegen 0.06/turn               j - +6 ring of strength
MPRegen 0.11/turn               (no ring)

@: no status effects
A: high MP 1, forlorn, divine attributes
a: no special abilities


You were on level 2 of the Dungeon.
You visited 1 branch of the dungeon, and saw 2 of its levels.

You collected 31 gold pieces.


Innate Abilities, Weirdness & Mutations

You have an increased reservoir of magic. (+10% MP)
You shall have no god before yourself.
Your divine heritage dramatically boosts your attributes as you level up.


   Skills:
 - Level 1.7 Dodging
 - Level 1.7 Stealth
 + Level 3.0 Spellcasting
 - Level 0.8 Conjurations
 - Level 2.6 Fire Magic


You had 6 spell levels left.
You knew the following spells:

 Your Spells              Type           Power      Damage    Failure   Level
a - Foxfire               Conj/Fire      32%        2x1d5     9%          1

Your spell library contained the following spells:

 Spells                   Type           Power      Damage    Failure   Level
 Scorch                   Fire           22%        2d6       9%          2
 Conjure Flame            Conj/Fire      8%         6-21      26%         3
 Inner Flame              Hex/Fire       7%         N/A       30%         3
 Flame Wave               Conj/Fire      8%         2d5       63%         4

Inventory:

Hand Weapons
 c - a +0 club (weapon) {mace}
   (You took it off a goblin on level 2 of the Dungeon)
 e - a +0 hunting sling {sling}
   (You found it on level 1 of the Dungeon)
 f - a +0 dagger {short}
   (You found it on level 2 of the Dungeon)
 h - a +0 club {mace}
   (You took it off a goblin on level 2 of the Dungeon)
 i - a +0 long sword {long}
   (You took it off a goblin on level 2 of the Dungeon)
 l - a +0 dagger {short}
   (You found it on level 2 of the Dungeon)
Missiles
 d - 6 poisoned darts {throwing}
 g - 39 stones {throwing}
Armour
 a - a +0 robe (worn)
Jewellery
 j - a +6 ring of strength (left hand)
   (You found it on level 2 of the Dungeon)
Potions
 b - a potion of magic
 k - 2 potions of curing {@q1}

Dungeon Overview and Level Annotations

Branches:
Dungeon (2/15)

#.......# ## #.#####.#
# #.# #.# # #.# #.# ###
#.# #.# #.. #.# #.# #..
# #.# #.# #..
####.#####.# #.# ###
#....g@.##.# #.# #
#.#####.##.# #.######
#.##†# #....... #.##.#
######## #(##.#
#.#####(##.#
#..:....##.###########
######.###...........##
#.# ###########...


You could see a goblin.


Message History

You lost 1 mp, and now have 6/8 mp.
Casting: Foxfire (safe; 9% risk of failure)
Confirm with . or Enter, or press ? or * to list all spells.
You conjure some foxfire!
The foxfire hits the bat.
You kill the bat! 😕 MP[-1]
You lost 1 mp, and now have 5/8 mp.
(D) Dungeon
Where to? (Enter - D:2, ? - help)
Your magical contamination has completely faded away.
Key pressed, stopping explore.
Key pressed, stopping explore.
d - 9 poisoned darts {throwing} (gained 3) 😎 HP[+1] MP[+3]
Your hp is fully restored (20).
Your mp is fully restored (8).
A worm comes into view.
A worm is nearby!
A worm is nearby!
Casting: Foxfire (safe; 9% risk of failure)
Confirm with . or Enter, or press ? or * to list all spells.
You conjure some foxfire!
The worm barely misses you. 😎 MP[-1]
You lost 1 mp, and now have 7/8 mp.
Casting: Foxfire (safe; 9% risk of failure)
Confirm with . or Enter, or press ? or * to list all spells.
There is not enough space to conjure foxfire!
The foxfire hits the worm.
Casting: Foxfire (safe; 9% risk of failure)
Confirm with . or Enter, or press ? or * to list all spells.
You conjure some foxfire! 😎 MP[-1]
You lost 1 mp, and now have 6/8 mp.
Casting: Foxfire (safe; 9% risk of failure)
Confirm with . or Enter, or press ? or * to list all spells.
You conjure some foxfire!
The foxfire hits the worm.
The worm bites you. 😕 HP[-3] MP[-1]
You take 3 damage, and now have 17/20 hp.
You lost 1 mp, and now have 5/8 mp.
Casting: Foxfire (safe; 9% risk of failure)
Confirm with . or Enter, or press ? or * to list all spells.
You conjure some foxfire! 😕 MP[-1]
You lost 1 mp, and now have 4/8 mp.
Casting: Foxfire (safe; 9% risk of failure)
Confirm with . or Enter, or press ? or * to list all spells.
There is not enough space to conjure foxfire!
Casting: Foxfire (safe; 9% risk of failure)
Confirm with . or Enter, or press ? or * to list all spells.
There is not enough space to conjure foxfire!
Unknown command.
You hit the worm.
The foxfire hits the worm. x3; The worm barely misses you.
You hit the worm. The worm barely misses you.
You barely miss the worm. 😕 HP[+1] MP[+1]
You barely miss the worm. The worm bites you!
* * * LOW HITPOINT WARNING * * *
😨 HP[-9]
You take 9 damage, and now have 9/20 hp.
MASSIVE DAMAGE!! (PAUSE)
Casting: Foxfire (safe; 9% risk of failure)
Confirm with . or Enter, or press ? or * to list all spells.
You conjure some foxfire!
The worm bites you.
* * * LOW HITPOINT WARNING * * *
😱 HP[-6] MP[-1]
You take 6 damage, and now have 3/20 hp.
MASSIVE DAMAGE!! (PAUSE)
You lost 1 mp, and now have 4/8 mp.
The foxfire hits the worm.
Casting: Foxfire (safe; 9% risk of failure)
Confirm with . or Enter, or press ? or * to list all spells.
You conjure some foxfire!
The foxfire hits the worm. 😱 MP[-1]
You lost 1 mp, and now have 3/8 mp.
Throw: 9 darts (poison) {throwing}
Press: ? - help, Shift-Dir - straight line, f - worm
Aim: a worm (severely wounded, 77% to hit)
You throw a poisoned dart {throwing}.
The poisoned dart {throwing} hits the worm.
The worm is poisoned.
Throw: 8 darts (poison) {throwing}
Press: ? - help, Shift-Dir - straight line, f/p - worm
Aim: a worm (severely wounded, poisoned, 77% to hit)
You throw a poisoned dart {throwing}.
The poisoned dart {throwing} hits the worm.
The worm looks even sicker. 😱 MP[+1] Throw: 7 darts (poison) {throwing}
Press: ? - help, Shift-Dir - straight line, f/p - worm
Aim: a worm (severely wounded, very poisoned, 77% to hit)
You throw a poisoned dart {throwing}.
The poisoned dart {throwing} hits the worm.
The worm looks even sicker.
A goblin comes into view. It is wielding a +0 club.
You kill the worm!
Your Spellcasting skill increases to level 3!
The goblin barely misses you.
You closely miss the goblin. The goblin hits you but does no damage.
You hit the goblin but do no damage. The goblin barely misses you.
The goblin attacks as you move away! The goblin hits you with a +0 club.
You die...

Skill      XL: |  1  2 |
---------------+-------+-----
Spellcasting   | 2 3 |  3.0
Dodging        | |  1.7
Stealth        | |  1.7
Conjurations   | |  0.8
Fire Magic     | |  2.6

Action                   || total
-------------------------++-------
Melee: Unarmed           ||    22
       Club              ||     6
       Long sword        ||     3
Throw: Dart              ||     3
 Cast: Foxfire           ||    39
  Use: Potion            ||     1
Armor: Robe              ||    13
Dodge: Dodged            ||    27

Levels and vault maps discovered:
D:1:      giann_wishing_wells, layout_rooms, serial_glass, glass_columns_c,
          glass_columns_b, minmay_misc_feat_plants, minmay_ruptured
D:2:      layout_loops_ring, chequers_serial_rivers_room_b

Notes
Turn   | Place    | Note
-------+----------+-------------------------------------------
     0 | D:1      | spaghetti the Demigod Fire Elementalist began the quest for
                  | the Orb.
     0 | D:1      | Reached XP level 1. HP: 14/14 MP: 5/5
     0 | D:1      | magus.rc [v1.9.6]
   128 | D:2      | HP: 3/14 [giant cockroach (2)]
   129 | D:2      | HP: 1/14 [giant cockroach (2)]
   211 | D:2      | Reached skill level 2 in Spellcasting
   545 | D:2      | Reached XP level 2. HP: 20/20 MP: 2/8
  1008 | D:2      | HP: 3/20 [worm (6)]
  1018 | D:2      | Reached skill level 3 in Spellcasting
  1021 | D:2      | Slain by a goblin

Vanquished Creatures
  An adder (D:2)
  A worm (D:2)
  2 bats (D:2)
  An endoplasm (D:2)
  A giant cockroach (D:2)
  3 goblins (D:2)
  A hobgoblin (D:2)
  A quokka (D:2)
  2 ball pythons (D:2)
  A frilled lizard (D:2)
14 creatures vanquished.

Vanquished Creatures (others)
  57 foxfires (D:2)
57 creatures vanquished.

Grand Total: 71 creatures vanquished

Table legend:
 A = Non-vault XP
 B = Vault XP
 C = Vault XP percentage of total XP
 D = Non-vault monster count
 E = Vault monster count
 F = Vault count percentage of total count
                 A         B        C        D         E       F
            +---------+---------+-------+---------+---------+-------
      Total |      39 |       0 |   0.0 |      14 |       0 |   0.0
            +---------+---------+-------+---------+---------+-------
        D:2 |      39 |       0 |   0.0 |      14 |       0 |   0.0
            +---------+---------+-------+---------+---------+-------

Illustrated notes

Table legend:
 A = Kills in this place as a percentage of kills in entire the game.
 B = Kills by you in this place as a percentage of kills by you in the entire game.
 C = Kills by friends in this place as a percentage of kills by friends in the entire game.
 D = Other kills in this place as a percentage of other kills in the entire game.
 E = Experience gained in this place as a percentage of experience gained in the entire game.
 F = Experience gained in this place divided by the number of levels of this place that you have seen.
                   A       B       C       D       E      F
               +-------+-------+-------+-------+-------+----------------------
         Total | 100.0 | 100.0 |   N/A |   N/A | 100.0 |  19.5
       Dungeon | 100.0 | 100.0 |   N/A |   N/A | 100.0 |  19.5
               +-------+-------+-------+-------+-------+----------------------

Table legend: (Time is in decaauts)
 A = Elapsed time spent in this place.
 B = Non-inter-level travel time spent in this place.
 C = Inter-level travel time spent in this place.
 D = Time resting spent in this place.
 E = Time spent auto-exploring this place.
 F = Levels seen in this place.
 G = Mean time per level.
                   A        B        C        D        E       F      G
               +--------+--------+--------+--------+--------+-----+--------+
         Total |   1024 |   1017 |      7 |     68 |    797 |   2 |  512.0 |
       Dungeon |   1024 |   1017 |      7 |     68 |    797 |   2 |  512.0 |
               +--------+--------+--------+--------+--------+-----+--------+

Top non-repeatable levels by time:
     D:2: 950 daAuts
     D:1: 74 daAuts
